 Dungeon Crawl Stone Soup version 0.29-a0-344-ge2f44be95a (webtiles) character file.

Game seed: 14404794099109613865

35 zeratav the Conjurer (level 3, 0/21 HPs)
             Began as an Octopode Conjurer on Apr 21, 2022.
             Killed from afar by Natasha (7 damage)
             ... with a magic dart
             ... on level 2 of the Dungeon.
             The game lasted 00:02:28 (1372 turns).

zeratav the Conjurer (Octopode Conjurer)            Turns: 1372, Time: 00:02:29

Health: 0/21       AC:  1    Str:  6    XL:     3   Next: 33%
Magic:  3/6        EV: 13    Int: 22    God:
Gold:   62         SH:  0    Dex: 10    Spells: 5/6 levels left

rFire   . . .      SeeInvis .   b - +1 whip (elec) {mace}
rCold   . . .      Faith    .   (no shield)
rNeg    . . .      Spirit   .   (helmet restricted)
rPois   .          Reflect  .   (no amulet)
rElec   .          Harm     .   (no ring)
rCorr   .          Rampage  .   (no ring)
Will    .....                   (no ring)
Stlth   +++.......              (no ring)
HPRegen 0.07/turn               (no ring)
MPRegen 0.10/turn               (no ring)
                                (no ring)
                                (no ring)

@: no status effects
A: almost no armour, amphibious, 8 rings, camouflage 1, gelatinous body 1,
(nimble swimmer 1), tentacles
a: no special abilities


You were on level 2 of the Dungeon.
You visited 1 branch of the dungeon, and saw 2 of its levels.

You collected 62 gold pieces.


Innate Abilities, Weirdness & Mutations

You cannot wear most types of armour.
You are amphibious.
You can wear up to eight rings at the same time.
Your skin changes colour to match your surroundings (Stealth+).
Your rubbery body absorbs attacks. (AC +1, EV +1)
((You are camouflaged when in or above water. (Stealth+)))
You have tentacles for arms and can constrict up to eight enemies at once.


   Skills:
 - Level 2.0 Dodging
 - Level 2.6 Stealth
 - Level 2.0 Spellcasting
 + Level 5.1 Conjurations


You had 5 spell levels left.
You knew the following spells:

 Your Spells              Type           Power      Damage    Failure   Level
a - Magic Dart            Conj           96%        1d7       1%          1

Your spell library contained the following spells:

 Spells                   Type           Power      Damage    Failure   Level
 Searing Ray              Conj           48%        2d6       2%          2
 Animate Skeleton         Necr           4%         N/A       14%         1
 Apportation              Tloc           4%         N/A       14%         1
 Summon Small Mammal      Summ           8%         N/A       14%         1
 Dazzling Flash           Conj/Hex       26%        N/A       14%         3
 Fulminant Prism          Conj/Hex       6%         3d7       43%         4
 Iskenderun's Mystic Bla  Conj/Tloc      13%        2d5       43%         4

Inventory:

Hand Weapons
 b - a +1 whip of electrocution (weapon) {mace}
   (You found it on level 1 of the Dungeon)
Scrolls
 c - a scroll of brand weapon {unknown}
 d - a scroll of fear {unknown}
 e - 2 scrolls of blinking {unknown}
 f - a scroll of identify {unknown}
 g - a scroll of enchant weapon {unknown}
Potions
 a - a potion of magic
 h - a potion of resistance {unknown}
 i - a potion of brilliance {unknown}

Dungeon Overview and Level Annotations

Branches:
Dungeon (2/15)

Altars:

Annotations:
D:2 Natasha

#.....# #.....#
#.....## #.....'
#.....# ###..$..###'#
+....h.#......
#..5@.........
#.............
#..............#
#####)....(.......)#
#...................#
#...................#
#...................##
#............##'##....
#........##.........#


You could see Natasha and a crimson imp (summoned).


Message History

The magic dart hits the hobgoblin.
MP[-1]
You lost 1 mp, and now have 5/6 mp.
The magic dart hits the hobgoblin.
MP[-1]
You lost 1 mp, and now have 4/6 mp.
The magic dart hits the hobgoblin.
You kill the hobgoblin!
MP[-1]
You lost 1 mp, and now have 3/6 mp.
You can't see any susceptible monsters within range! (Use Z to cast anyway.)
You can't see any susceptible monsters within range! (Use Z to cast anyway.)
A kobold comes into view. It is wielding a +0 whip.
The magic dart hits the kobold.
You kill the kobold!
MP[-1]
You lost 1 mp, and now have 2/6 mp.
You can't see any susceptible monsters within range! (Use Z to cast anyway.)
You can't see any susceptible monsters within range! (Use Z to cast anyway.)
A hobgoblin comes into view.
The magic dart hits the hobgoblin.
MP[-1]
You lost 1 mp, and now have 1/6 mp.
You miscast Magic Dart.
You are very lightly contaminated with residual magic.
Nothing appears to happen.
The magic dart hits the hobgoblin.
You kill the hobgoblin!
MP[-1]
You lost 1 mp, and now have 0/6 mp.
You are too depleted to draw on your mana recklessly!
Your magical contamination has completely faded away.
A kobold comes into view.
It is wielding a +1 short sword of holy wrath.
MP[+5]
You regained 5 mp, and now have 5/6 mp.
The magic dart hits the kobold.
The kobold shouts!
The kobold throws a stone.
The stone misses you.
MP[-1]
You lost 1 mp, and now have 4/6 mp.
The magic dart hits the kobold.
You kill the kobold!
MP[-1]
You lost 1 mp, and now have 3/6 mp.
You can't see any susceptible monsters within range! (Use Z to cast anyway.)
You can't see any susceptible monsters within range! (Use Z to cast anyway.)
Found an escape hatch in the floor.
MP[+3]
Your mp is fully restored (6).
Search for what [? for help]? short A kobold comes into view.
It is wielding a +0 dagger.
Things that are here:
a +0 whip {mace}; a kobold corpse A kobold is nearby!
The magic dart hits the kobold.
You kill the kobold!
MP[-1]
You lost 1 mp, and now have 5/6 mp.
You can't see any susceptible monsters within range! (Use Z to cast anyway.)
You can't see any susceptible monsters within range! (Use Z to cast anyway.)
Things that are here:
a +1 short sword of holy wrath {short}; 14 stones {throwing}; a kobold corpse MP[+1]
Your mp is fully restored (6).
Things that are here:
a +0 dagger {short}; 2 stones {throwing}; a kobold corpse Natasha, Servant of Life and Death comes into view.
Natasha hisses angrily.
The magic dart hits Natasha.
Natasha mumbles some strange words.
MP[-1]
You lost 1 mp, and now have 5/6 mp.
The magic dart hits the crimson imp!
The crimson imp summons a swarm of flies.
MP[-1]
You lost 1 mp, and now have 4/6 mp.
The magic dart hits the crimson imp but does no damage.
The crimson imp shouts, "Back with thee, thou cockered toot-wallowing frater!"
MP[-1]
You lost 1 mp, and now have 3/6 mp.
The crimson imp grinds its teeth.
The crimson imp closely misses you.
You hit Natasha. Your grab misses Natasha.
Natasha stares at you and mumbles some strange words.
The magic dart hits you. The crimson imp closely misses you.
HP[-6]
You take 6 damage, and now have 15/21 hp.
MASSIVE DAMAGE!! (PAUSE)
You hit Natasha. Your grab misses Natasha. Natasha claws you.
The crimson imp hits you.
* * * LOW HITPOINT WARNING * * *
HP[-6]
You take 6 damage, and now have 9/21 hp.
MASSIVE DAMAGE!! (PAUSE)
You barely miss Natasha. Your grab misses Natasha. Your squeeze misses Natasha.
Natasha closely misses you. The crimson imp hits you.
* * * LOW HITPOINT WARNING * * *
Natasha stares at you and mumbles some strange words.
The magic dart hits you!
You die...

Skill      XL: |  1  2  3 |
---------------+----------+-----
Conjurations   | 5 |  5.1
Dodging        | |  2.0
Stealth        | |  2.6
Spellcasting   | |  2.0

Action                   || total
-------------------------++-------
Melee: Whip              ||     5
       Constrict         ||     1
       Tentacles         ||     1
 Cast: Magic Dart        ||    51
Dodge: Dodged            ||     7

Levels and vault maps discovered:
D:1:      kennysheep_arrival_seaside, layout_basic, basic_ecumenical_altar
D:2:      layout_basic, uniq_jessica, uniq_natasha

Notes
Turn   | Place    | Note
-------+----------+-------------------------------------------
     0 | D:1      | zeratav the Octopode Conjurer began the quest for the Orb.
     0 | D:1      | Reached XP level 1. HP: 11/11 MP: 3/3
     0 | D:1      | magus.rc [v1.9.6]
   148 | D:1      | You pick up a book of Cantrips and begin reading...
   148 | D:1      | You add the spells Animate Skeleton, Summon Small Mammal
                  | and Apportation to your library.
   160 | D:1      | Found a faded altar of an unknown god.
   222 | D:1      | Reached XP level 2. HP: 17/17 MP: 1/5
  1085 | D:1      | Reached XP level 3. HP: 18/21 MP: 2/6
  1191 | D:2      | Reached skill level 5 in Conjurations
  1365 | D:2      | Noticed Natasha
  1372 | D:2      | Killed from afar by Natasha

Vanquished Creatures
  2 dart slugs (D:1)
  A ball python (D:1)
  4 endoplasms
  6 hobgoblins
  3 jackals (D:2)
  6 kobolds
  A quokka (D:1)
  2 frilled lizards (D:1)
  A goblin (D:1)
  A rat (D:1)
27 creatures vanquished.

Table legend:
 A = Non-vault XP
 B = Vault XP
 C = Vault XP percentage of total XP
 D = Non-vault monster count
 E = Vault monster count
 F = Vault count percentage of total count
                 A         B        C        D         E       F
            +---------+---------+-------+---------+---------+-------
      Total |      50 |       0 |   0.0 |      27 |       0 |   0.0
            +---------+---------+-------+---------+---------+-------
        D:1 |      34 |       0 |   0.0 |      18 |       0 |   0.0
        D:2 |      16 |       0 |   0.0 |       9 |       0 |   0.0
            +---------+---------+-------+---------+---------+-------

Illustrated notes

Table legend:
 A = Kills in this place as a percentage of kills in entire the game.
 B = Kills by you in this place as a percentage of kills by you in the entire game.
 C = Kills by friends in this place as a percentage of kills by friends in the entire game.
 D = Other kills in this place as a percentage of other kills in the entire game.
 E = Experience gained in this place as a percentage of experience gained in the entire game.
 F = Experience gained in this place divided by the number of levels of this place that you have seen.
                   A       B       C       D       E      F
               +-------+-------+-------+-------+-------+----------------------
         Total | 100.0 | 100.0 |   N/A |   N/A | 100.0 |  25.0
       Dungeon | 100.0 | 100.0 |   N/A |   N/A | 100.0 |  25.0
               +-------+-------+-------+-------+-------+----------------------

Table legend: (Time is in decaauts)
 A = Elapsed time spent in this place.
 B = Non-inter-level travel time spent in this place.
 C = Inter-level travel time spent in this place.
 D = Time resting spent in this place.
 E = Time spent auto-exploring this place.
 F = Levels seen in this place.
 G = Mean time per level.
                   A        B        C        D        E       F      G
               +--------+--------+--------+--------+--------+-----+--------+
         Total |   1372 |   1347 |     25 |    333 |    888 |   2 |  686.0 |
       Dungeon |   1372 |   1347 |     25 |    333 |    888 |   2 |  686.0 |
               +--------+--------+--------+--------+--------+-----+--------+

Top non-repeatable levels by time:
     D:1: 1239 daAuts
     D:2: 133 daAuts
